[Event "*** Qualifier 3: Titled Tuesday 3|2 Blitz"]
[Site "Chess.com"]
[Date "2017.04.18"]
[Round "2"]
[White "WanderingPuppet"]
[Black "DariuszMikrut"]
[Result "1-0"]
[WhiteElo "2311"]
[BlackElo "2404"]
[TimeControl "180+2"]
[EndTime "13:21:33 PDT"]
[Termination "WanderingPuppet won by resignation"]

1. e4 c5 2. Nf3 d6 3. d4 cxd4 4.
Nxd4 Nf6 5. Nc3 a6 6. Be3 e5 7. Nb3 Be7 8. f3 Be6 9. Qd2 O-O 10. O-O-O a5 11. Qe1 Qc8 12. Bb5 Nbd7 13. g4 Qc7 14. g5 Nh5 15. Kb1 Nb6 16. Bxb6 Qxb6 17. a4 Nf4 18. h4 Rac8 19. Ne2 Nxe2 20. Qxe2 Rfd8 21.
Qd2 Ra8 22. g6 fxg6 23. h5 g5 24. h6 g6 25. Qe2 Qc7 26. Rd3 Rac8 27. Rc3 Qb6 28.
Rxc8 Rxc8 29. Qd2 Rb8 30. Qxa5 Rc8 31. Qxb6 1-0

[Event "*** Qualifier 3: Titled Tuesday 3|2 Blitz"]
[Site "Chess.com"]
[Date "2017.04.18"]
[Round "2"]
[White "ChristopherYoo"]
[Black "jefferyx"]
[Result "0-1"]
[WhiteElo "2254"]
[BlackElo "2576"]
[TimeControl "180+2"]
[EndTime "13:21:47 PDT"]
[Termination "jefferyx won by resignation"]

1. e4 c5 2. Nf3 d6 3. d4 Nf6 4. Nc3 cxd4 5. Nxd4 a6 6. f3 e5 7. Nb3 Be6 8. Be3 Be7 9. Qd2 Nbd7 10. g4 b5 11. O-O-O Nb6 12. Qf2 Nfd7 13. Nd5 Bxd5 14. exd5 Nc4 15. Nd2 Nxe3 16. Qxe3 Bg5 17.
Qe1 O-O 18. Kb1 Bxd2 19. Rxd2 Nc5 20. Bd3 b4 21. h4 a5 22. g5 a4 23. Qe3 b3 24. cxb3 axb3 25. a3 f5 26. f4 exf4 27.
Qxf4 Ra4 28. Qe3 Qd7 29. h5 f4 30. Qf3 Re8 31. Re2 Rd4 32. Rxe8+ Qxe8 33. Bf5 Qe5 34. Be6+ Kf8 35. Qf2 Qe4+ 0-1

[Event "*** Qualifier 3: Titled Tuesday 3|2 Blitz"]
[Site "Chess.com"]
[Date "2017.04.18"]
[Round "2"]
[White "Cayse"]
[Black "Rodalquilar"]
[Result "0-1"]
[WhiteElo "2620"]
[BlackElo "2528"]
[TimeControl "180+2"]
[EndTime "13:21:51 PDT"]
[Termination "Rodalquilar won by resignation"]

1. e4 e5 2. Nf3 Nc6 3. Bc4 d6 4.
d4 exd4 5. Nxd4 g6 6. Nc3 Bg7 7. Be3 Nf6 8. f3 O-O 9. Qd2 a6 10. O-O Ne5 11. Be2 b5 12. Kh1 Bd7 13. Nd5 c5 14. Nb3 Nxd5 15. Qxd5 Be6 16. Qd2 Nc4 17. Bxc4 bxc4 18. Na5 c3 19. bxc3 Qxa5 20. Qxd6 Rac8 21. Bg5 Qxc3 22. a4 Qxc2 23. Rac1 Qxa4 24.
Rxc5 Rxc5 25. Qxc5 Qb5 0-1

[Event "*** Qualifier 3: Titled Tuesday 3|2 Blitz"]
[Site "Chess.com"]
[Date "2017.04.18"]
[Round "2"]
[White "nurmiTV"]
[Black "pastouche06"]
[Result "1-0"]
[WhiteElo "2410"]
[BlackElo "2330"]
[TimeControl "180+2"]
[EndTime "13:21:51 PDT"]
[Termination "nurmiTV won by checkmate"]

1. c4 Nf6 2. Nc3 e6 3. g3 d5 4.
Bg2 d4 5. Ne4 Nxe4 6. Bxe4 c5 7.
d3 Nc6 8. e3 f5 9. Bg2 Bd6 10. a3 a5 11. b3 O-O 12. Ne2 e5 13. O-O Be6 14. exd4 cxd4 15. Rb1 Qc7 16. f4 Bf7 17. fxe5 Nxe5 18. b4 axb4 19. axb4 Ng4 20. Rxf5 Bg6 21. Rxf8+ Rxf8 22. Nf4 Ne3 23. Bxe3 dxe3 24.
Ne6 Qf7 25. Nxf8 Qf2+ 26. Kh1 Bxb4 27. Nxg6 e2 28. Qxe2 Qxe2 29. Bd5+ Qe6 30. Bxe6# 1-0

[Event "*** Qualifier 3: Titled Tuesday 3|2 Blitz"]
[Site "Chess.com"]
[Date "2017.04.18"]
[Round "2"]
[White "RitvarsReimanis"]
[Black "Drags95"]
[Result "1-0"]
[WhiteElo "2439"]
[BlackElo "2538"]
[TimeControl "180+2"]
[EndTime "13:21:55 PDT"]
[Termination "RitvarsReimanis won by resignation"]

1. d4 Nf6 2. c4 e6 3. Nc3 Bb4 4. e3 O-O 5. Ne2 Re8 6. a3 Bf8 7.
g3 d5 8. cxd5 exd5 9. Bg2 c6 10.
O-O a5 11. Nf4 Na6 12. Re1 g6 13. b3 Bg7 14. Bb2 Nc7 15. Rc1 Ne6 16. Nxe6 Bxe6 17. Na4 Nd7 18. Qd2 h5 19. h4 Kh8 20. Nc5 Nxc5 21.
dxc5 Kg8 22. Bxg7 Kxg7 23. Rc3 Qf6 24. Rd3 Bf5 25. Rd4 Qe7 26. Qc3 Kg8 27. Red1 Qe5 28. Qd2 Qe7 29. Qc3 Qe5 30. Qd2 Be6 31. Ra4 Bg4 32.
Rc1 Kg7 33. Rxa5 Rxa5 34. Qxa5 Qb2 35. Qc3+ Qxc3 36. Rxc3 Ra8 37. b4 Kf6 38. f3 Be6 39. f4 Rd8 40. Rd3 Bf5 41. e4 Be6 42. exd5 cxd5 43.
Kf2 Bf5 44. Rxd5 Ra8 45. Rd6+ Ke7 46. Rb6 Rxa3 47. Rxb7+ Kf6 48. Bd5 Be6 49. Bxe6 fxe6 50. c6 1-0

[Event "*** Qualifier 3: Titled Tuesday 3|2 Blitz"]
[Site "Chess.com"]
[Date "2017.04.18"]
[Round "2"]
[White "oskariot"]
[Black "tigra"]
[Result "0-1"]
[WhiteElo "2444"]
[BlackElo "2620"]
[TimeControl "180+2"]
[EndTime "13:22:16 PDT"]
[Termination "tigra won by resignation"]

1. e4 c5 2. Nf3 g6 3. d4 cxd4 4.
Qxd4 Nf6 5. e5 Nc6 6. Qa4 Nd5 7. Qe4 Nc7 8. Nc3 Bg7 9. Bf4 Ne6 10. Bg3 Rb8 11.
O-O-O a6 12. h4 b5 13. h5 Bb7 14. Nd5 Rc8 15. Kb1 Na5 16. h6 Bf8 17. b3 Rc5 18. b4 Rxd5 19. Rxd5 Qa8 20. bxa5 Bxd5 21.
Qb4 Bxf3 22. gxf3 Qxf3 23. Rg1 Qd1+ 24. Kb2 Bxh6 25. Bh4 Bc1+ 26. Kb3 0-1

[Event "*** Qualifier 3: Titled Tuesday 3|2 Blitz"]
[Site "Chess.com"]
[Date "2017.04.18"]
[Round "2"]
[White "matiss90"]
[Black "agapov771"]
[Result "1-0"]
[WhiteElo "2300"]
[BlackElo "2438"]
[TimeControl "180+2"]
[EndTime "13:22:16 PDT"]
[Termination "matiss90 won by resignation"]

1. e4 d5 2. exd5 Qxd5 3. Nc3 Qd6 4. d4 Nf6 5. Nf3 c6 6. g3 Bf5 7. Bg2 e6 8. O-O Be7 9. Bf4 Qd8 10. Ne5 Nbd7 11.
Qe2 Nxe5 12. Bxe5 O-O 13. h3 Re8 14. g4 Bg6 15. f4 Qb6 16. b3 h6 17. Rae1 Bb4 18.
Na4 Qd8 19. c3 Bf8 20. Nc5 Qc8 21. Bxf6 gxf6 22. Ne4 Bg7 23. Nd6 Qd7 24. Nxe8 Rxe8 25. f5 Bh7 26. Be4 Qd6 27. fxe6 Rxe6 28. Bxh7+ Kxh7 29. Qd3+ Kg8 30. Rxe6 fxe6 31. Kg2 c5 32. Qe4 cxd4 33. cxd4 b6 34. Rd1 a5 35. d5 h5 36.
Qxe6+ Qxe6 37. dxe6 hxg4 38. Rd8+ 1-0

[Event "*** Qualifier 3: Titled Tuesday 3|2 Blitz"]
[Site "Chess.com"]
[Date "2017.04.18"]
[Round "2"]
[White "tihanaivekovic223"]
[Black "Saitama_Hero"]
[Result "0-1"]
[WhiteElo "2007"]
[BlackElo "2170"]
[TimeControl "180+2"]
[EndTime "13:22:20 PDT"]
[Termination "Saitama_Hero won by resignation"]

1. e4 c5 2. Nf3 g6 3. d4 cxd4 4.
Qxd4 Nf6 5. Nc3 Nc6 6. Qa4 d6 7. e5 dxe5 8. Nxe5 Qd4 9. Nxc6 Qxa4 10. Nxa4 bxc6 11. Bd2 Bf5 12. O-O-O Bg7 13. Bc3 Bh6+ 14. Kb1 O-O 15. Nc5 Nd5 16. Bd4 Rfd8 17. Bc4 f6 18. f3 Kh8 19. g4 Bc8 20. Rhe1 e5 21. Bf2 Bf8 22. Nd3 Rb8 23. Bh4 g5 24. Bg3 Nc3+ 25.
Ka1 Nxd1 26. Rxd1 Rb4 27. Bb3 c5 28. c4 Rb6 29. Bf2 Rbd6 30. Bc2 R6d7 31. Kb1 Bb7 32.
Kc1 Bxf3 33. Rd2 e4 0-1

[Event "*** Qualifier 3: Titled Tuesday 3|2 Blitz"]
[Site "Chess.com"]
[Date "2017.04.18"]
[Round "2"]
[White "JusticeBot"]
[Black "Yaacovn"]
[Result "0-1"]
[WhiteElo "2536"]
[BlackElo "2590"]
[TimeControl "180+2"]
[EndTime "13:22:27 PDT"]
[Termination "Yaacovn won by resignation"]

1. e4 c6 2. d4 d5 3. Nc3 dxe4 4. Nxe4 Nf6 5. Nxf6+ gxf6 6. Qd3 Qd5 7. c4 Qf5 8. Bd2 Na6 9. O-O-O e5 10. Nf3 Qxd3 11. Bxd3 Bg4 12. dxe5 O-O-O 13. Bc3 fxe5 14. Bxe5 Bh6+ 15.
Kb1 Rhe8 16. Bf6 Rxd3 17. Rxd3 Bf5 18. Kc2 Nb4+ 19. Kc3 Nxd3 20. Nh4 Bg6 21. Nxg6 Nxf2 22. Rf1 Ne4+ 23. Kd3 hxg6 24. Bd4 c5 25. Bg1 f5 26. g4 Rd8+ 27. Kc2 Rd2+ 28. Kb3 Rg2 29. gxf5 Nd2+ 0-1

[Event "*** Qualifier 3: Titled Tuesday 3|2 Blitz"]
[Site "Chess.com"]
[Date "2017.04.18"]
[Round "2"]
[White "chessdude"]
[Black "popov_m"]
[Result "0-1"]
[WhiteElo "2409"]
[BlackElo "2417"]
[TimeControl "180+2"]
[EndTime "13:22:36 PDT"]
[Termination "popov_m won by resignation"]

1. e4 g6 2. d4 Bg7 3. Nc3 d6 4.
f4 Nf6 5. Bd3 O-O 6. Nf3 Na6 7.
O-O c5 8. d5 Bg4 9. h3 Bxf3 10.
Qxf3 Nc7 11. Bc4 a6 12. a4 e6 13. dxe6 Nxe6 14. Qd3 Nd4 15. Be3 b5 16. axb5 axb5 17.
Rxa8 Qxa8 18. Nxb5 Nxb5 19. Bxb5 Nxe4 20. c3 d5 21. f5 c4 22. Qd1 Rb8 23. Ba4 Rxb2 24. fxg6 hxg6 25. Bc2 Nxc3 26. Qf3 Qb7 27. Rf2 d4 28.
Qxb7 Rxb7 29. Bg5 d3 30. Kh2 Be5+ 31. g3 Bxg3+ 0-1

[Event "*** Qualifier 3: Titled Tuesday 3|2 Blitz"]
[Site "Chess.com"]
[Date "2017.04.18"]
[Round "2"]
[White "CM_FM_IM_GM"]
[Black "Quiet_Desperation"]
[Result "0-1"]
[WhiteElo "1997"]
[BlackElo "2029"]
[TimeControl "180+2"]
[EndTime "13:22:44 PDT"]
[Termination "Quiet_Desperation won on time"]

1. d4 Nf6 2. c4 e6 3. Nf3 Bb4+ 4. Bd2 Qe7 5. e3 b6 6. Bd3 Bb7 7. O-O Bxd2 8. Nbxd2 d6 9. Qc2 O-O 10. Rad1 Nbd7 11.
Rfe1 e5 12. dxe5 dxe5 13. e4 a5 14. Nf1 Nc5 15. Ng3 g6 16. Qc3 Rfe8 17. Bb1 Ng4 18. h3 Nf6 19. a3 a4 20. Qc2 Rad8 21. Rxd8 Rxd8 22. Qc3 Re8 23. Qb4 h5 24. h4 Ng4 25.
Bc2 Qf6 26. Bxa4 Rd8 27. Bc2 Ne6 28. Rd1 Nd4 29. Qc3 Qf4 0-1

[Event "*** Qualifier 3: Titled Tuesday 3|2 Blitz"]
[Site "Chess.com"]
[Date "2017.04.18"]
[Round "2"]
[White "olomi007"]
[Black "Infernal_XaM"]
[Result "0-1"]
[WhiteElo "2478"]
[BlackElo "2722"]
[TimeControl "180+2"]
[EndTime "13:22:46 PDT"]
[Termination "Infernal_XaM won by resignation"]

1. e4 g6 2. d4 Bg7 3. Nc3 d5 4.
exd5 Nf6 5. Bc4 Nbd7 6. Bb3 Nb6 7. Nf3 O-O 8. h3 a5 9. a4 Nbxd5 10. Nxd5 Nxd5 11.
O-O b6 12. Re1 Bb7 13. Bg5 Re8 14. c3 Qd6 15. Bh4 e6 16. Bg3 Qe7 17. Be5 Rad8 18. Qe2 Bxe5 19. Qxe5 Qf6 20. Qxf6 Nxf6 21. Ne5 Kg7 22. Rad1 Nd5 23. f3 Ne7 24. Kf2 h5 25.
Bc4 h4 26. Bb5 Rh8 27. Bc4 Nf5 28. Bd3 Ne7 29. Be4 Bxe4 30. fxe4 f6 31. Nf3 Rh5 32. c4 Kf7 33. e5 f5 34. Rd3 g5 35. Red1 g4 36.
Ne1 Nc6 37. Nc2 Rhh8 38. Ke3 Rhg8 39. d5 exd5 40. Rxd5 Rxd5 41. cxd5 Nxe5 42. Kf4 Nc4 43. Kxf5 gxh3 44. gxh3 Rg2 45. b3 Nd6+ 46. Ke5 Rxc2 47.
Rf1+ Ke7 0-1

[Event "*** Qualifier 3: Titled Tuesday 3|2 Blitz"]
[Site "Chess.com"]
[Date "2017.04.18"]
[Round "2"]
[White "blitzcopter"]
[Black "FearNoEvil12"]
[Result "1-0"]
[WhiteElo "2133"]
[BlackElo "2103"]
[TimeControl "180+2"]
[EndTime "13:22:46 PDT"]
[Termination "blitzcopter won by resignation"]

1. e4 Nf6 2. e5 Nd5 3. c4 Nb6 4. d4 d6 5. exd6 cxd6 6. Nc3 g6 7. Be3 Bg7 8. Nf3 O-O 9. b3 Bg4 10. Be2 Nc6 11. Rc1 e5 12. dxe5 dxe5 13. O-O Nd4 14.
Bxd4 exd4 15. Nxd4 Bxe2 16. Ndxe2 Qg5 17. Ng3 Rad8 18.
Qc2 Rd2 19. Qe4 Bxc3 20. Rxc3 Rxa2 21. Qxb7 h5 22. c5 Nd5 23. Ne4 Nxc3 24. Nxg5 Ne2+ 25.
Kh1 Nf4 26. c6 Re8 27. Qxf7+ 1-0

[Event "*** Qualifier 3: Titled Tuesday 3|2 Blitz"]
[Site "Chess.com"]
[Date "2017.04.18"]
[Round "2"]
[White "FelixBlohberger"]
[Black "VMikhalevski"]
[Result "0-1"]
[WhiteElo "2246"]
[BlackElo "2556"]
[TimeControl "180+2"]
[EndTime "13:22:49 PDT"]
[Termination "VMikhalevski won by resignation"]

1. c4 e5 2. Nc3 Bb4 3. Qc2 Nf6 4. a3 Bxc3 5. Qxc3 Nc6 6. e3 d5 7.
cxd5 Nxd5 8. Qc2 a6 9. Nf3 O-O 10. d3 Kh8 11. Be2 f5 12. O-O Be6 13. b4 Qf6 14. Bb2 Rad8 15. Rac1 f4 16. e4 Nde7 17. Qc5 Ng6 18. Rfd1 Bg4 19. d4 Bxf3 20. dxe5 Ngxe5 21. Bxe5 Nxe5 22. Bxf3 c6 23. Qb6 Qe7 24. a4 h6 25. b5 Rxd1+ 26. Rxd1 axb5 27. axb5 c5 28. Rd5 Rc8 29. h3 c4 30. Rxe5 Qxe5 31. Qxb7 Qc7 32. Qd5 c3 33. e5 c2 34. Kh2 c1=Q 35. e6 Q1c5 36. Qe4 Q7e5 37. Qg6 Qf5 0-1

[Event "*** Qualifier 3: Titled Tuesday 3|2 Blitz"]
[Site "Chess.com"]
[Date "2017.04.18"]
[Round "2"]
[White "XDPS"]
[Black "troisi"]
[Result "1-0"]
[WhiteElo "2549"]
[BlackElo "1395"]
[TimeControl "180+2"]
[EndTime "13:22:52 PDT"]
[Termination "XDPS won by checkmate"]

1. d4 Nf6 2. Bf4 e6 3. e3 c5 4. c3 b6 5. Nf3 Bb7 6. Nbd2 Nc6 7.
Bd3 Be7 8. h3 O-O 9. Qe2 d6 10.
Bh2 Re8 11. a3 Bf8 12. e4 cxd4 13. cxd4 Rc8 14. O-O e5 15. d5 Nd4 16. Nxd4 exd4 17.
Qf3 Nd7 18. Rfc1 Ne5 19. Bxe5 dxe5 20. Qe2 Qd6 21. Ba6 Qd7 22. Nf3 Rxc1+ 23. Rxc1 Bxa6 24. Qxa6 Bd6 25. Rc6 g6 26. Qd3 f5 27. Ng5 h6 28.
Nf3 Rf8 29. Nd2 Rc8 30. Qc4 Rxc6 31. dxc6+ Qf7 32. Qa6 Qc7 33. Qc4+ Qf7 34. Qb5 Bc7 35.
Qa6 Bd6 36. Qc8+ Kg7 37. Qd8 Bc7 38. Qa8 Bd6 39. g3 h5 40. h4 Bc7 41. Qxa7 f4 42. Kg2 fxg3 43. fxg3 Kh6 44. Nf3 Kg7 45. Qa8 Kh7 46.
Qa4 Kg7 47. Qc2 Qe6 48. b4 b5 49. Qc5 Qc4 50. Qe7+ Kh6 51. Qf8+ Kh7 52. Ng5# 1-0

[Event "*** Qualifier 3: Titled Tuesday 3|2 Blitz"]
[Site "Chess.com"]
[Date "2017.04.18"]
[Round "2"]
[White "proxy6"]
[Black "Robin-Side"]
[Result "1-0"]
[WhiteElo "2195"]
[BlackElo "2328"]
[TimeControl "180+2"]
[EndTime "13:22:53 PDT"]
[Termination "proxy6 won by resignation"]

1. e4 c5 2. Nf3 Nc6 3. d4 cxd4 4.
Nxd4 e5 5. Nb5 d6 6. N1c3 a6 7.
Na3 b5 8. Nd5 Nge7 9. c4 Nxd5 10. exd5 Nd4 11. Nc2 Nxc2+ 12. Qxc2 bxc4 13. Bxc4 Be7 14. O-O O-O 15. b4 Bb7 16. Bb2 Rc8 17. Qb3 Bg5 18.
Rfd1 Qf6 19. Rd3 Qf4 20. Rc3 Qh4 21. Rd1 Qh6 22. Rh3 Qf6 23. Qd3 g6 24. a3 Qf4 25.
Bxa6 Bxa6 26. Qxa6 Rc2 27. Rf3 Qe4 28. Bc3 Qxd5 29.
Rxd5 Rc1+ 30. Qf1 Rxf1+ 31. Kxf1 1-0

[Event "*** Qualifier 3: Titled Tuesday 3|2 Blitz"]
[Site "Chess.com"]
[Date "2017.04.18"]
[Round "2"]
[White "PowerThinking2650"]
[Black "Vamostodorecto"]
[Result "0-1"]
[WhiteElo "2222"]
[BlackElo "2385"]
[TimeControl "180+2"]
[EndTime "13:22:55 PDT"]
[Termination "Vamostodorecto won by resignation"]

1. e4 g6 2. Bc4 Bg7 3. Qf3 e6 4.
Ne2 a6 5. d4 b5 6. e5 bxc4 7. Qxa8 Nc6 8. Na3 Nge7 9. Bg5 O-O 10.
Nxc4 h6 11. Bd2 Nd5 12. O-O Nb6 13. Nxb6 cxb6 14. a4 Qc7 15. a5 Bb7 16. axb6 Qxb6 17. Qxf8+ Bxf8 18. Bc3 Ne7 19. b3 Qc6 20. f3 Nd5 21.
Ba5 Qxc2 22. Ng3 Qxb3 23. Ne4 Qe3+ 24. Kh1 Qxd4 25. Rad1 Qxe5 26. Rfe1 Qf4 27. Rf1 f5 28. g3 Qe5 0-1

[Event "*** Qualifier 3: Titled Tuesday 3|2 Blitz"]
[Site "Chess.com"]
[Date "2017.04.18"]
[Round "2"]
[White "maciek_92"]
[Black "DiogenesSinopeus"]
[Result "1-0"]
[WhiteElo "2532"]
[BlackElo "2275"]
[TimeControl "180+2"]
[EndTime "13:23:02 PDT"]
[Termination "maciek_92 won by resignation"]

1. c4 c5 2. Nc3 Nc6 3. Nf3 Nd4 4. e3 Nxf3+ 5. Qxf3 g6 6. h4 h5 7. d4 Bg7 8. Qd1 Nh6 9. d5 d6 10.
e4 O-O 11. f3 Bd7 12. Bg5 a6 13. Qd2 Kh7 14. a4 b6 15. Be2 Rb8 16. g4 f6 17.
gxh5 gxh5 18. Be3 f5 19. O-O-O b5 20. Rdg1 Rf6 21. Bd3 bxc4 22. Bb1 Qb6 23. Rh2 Rg8 24. Rhg2 Be8 25. exf5 Bf7 26. Ne4 Nxf5 27. Nxf6+ Bxf6 28. Bxf5+ Kh8 29. Rxg8+ Bxg8 30. Bd4 Qb3 31. Qh6+ 1-0

[Event "*** Qualifier 3: Titled Tuesday 3|2 Blitz"]
[Site "Chess.com"]
[Date "2017.04.18"]
[Round "2"]
[White "AllStarShark"]
[Black "jcibarra"]
[Result "0-1"]
[WhiteElo "2261"]
[BlackElo "2647"]
[TimeControl "180+2"]
[EndTime "13:23:03 PDT"]
[Termination "jcibarra won on time"]

1. d4 Nf6 2. Bg5 c5 3. Nc3 cxd4 4. Qxd4 Nc6 5. Qh4 e6 6. O-O-O Be7 7. e4 a6 8. f4 b5 9. e5 b4 10. exf6 gxf6 11. Ne4 fxg5 12. fxg5 Qa5 13. Kb1 Bb7 14. Nf3 b3 15. cxb3 Nb4 16. a3 Qf5 17. axb4 Bxe4+ 18.
Ka2 a5 19. b5 a4 20. b4 a3 21. b3 Bxf3 22. Bd3 Qg4 23. Qxg4 Bxg4 24. Rdf1 Bxb4 25. Rf4 Bf5 26. Bxf5 Bd2 27. Rd4 Bxg5 28. Bd3 Be7 29. Rc1 Rg8 30. g3 Rg5 31. Rc7 Rd8 32. b6 Bc5 33. Rh4 Bxb6 34. Rb7 Bc5 35. Rxh7 Rd5 36.
Rh8+ Bf8 0-1

[Event "*** Qualifier 3: Titled Tuesday 3|2 Blitz"]
[Site "Chess.com"]
[Date "2017.04.18"]
[Round "2"]
[White "GamayevOleg"]
[Black "fastestmindalive"]
[Result "1/2-1/2"]
[WhiteElo "2402"]
[BlackElo "2394"]
[TimeControl "180+2"]
[EndTime "13:23:07 PDT"]
[Termination "Game drawn by repetition"]

1. d3 Nf6 2. e4 Nc6 3. Nf3 e5 4. Be2 Bc5 5. O-O O-O 6. c3 d5 7.
exd5 Nxd5 8. Nxe5 Nxe5 9. d4 Bd6 10. dxe5 Bxe5 11. Bf3 Be6 12. Re1 Bd6 13. Nd2 Nf6 14. Ne4 Nxe4 15. Bxe4 Qh4 16. g3 Qf6 17. Bxb7 Rab8 18.
Qf3 Qe7 19. Be4 g6 20. b3 Qd7 21. Bh6 Rfe8 22. Rad1 Qe7 23. h4 f5 24. Bd5 Bxd5 25.
Qxd5+ Qf7 26. Rxe8+ Rxe8 27. Qxf7+ Kxf7 28. Be3 a5 29. Rd5 a4 30. bxa4 Ke6 31. Rb5 Ra8 32. a5 c6 33. Rb6 Kd5 34. Rb7 Rxa5 35. Rxh7 Be5 36. Rd7+ Ke6 37. Rd3 Rxa2 38. Bd4 Bxd4 39. Rxd4 c5 40.
Rd3 Ke5 41. Kg2 c4 42. Re3+ Kf6 43. Kf3 Rd2 44. Re2 Rd3+ 45. Re3 Rd2 46. Kg2 Rc2 47. Kf3 Rd2 1/2-1/2

[Event "*** Qualifier 3: Titled Tuesday 3|2 Blitz"]
[Site "Chess.com"]
[Date "2017.04.18"]
[Round "2"]
[White "Alex_Molchanov"]
[Black "Spartakus1975"]
[Result "1/2-1/2"]
[WhiteElo "2438"]
[BlackElo "2562"]
[TimeControl "180+2"]
[EndTime "13:23:11 PDT"]
[Termination "Game drawn by repetition"]

1. d4 d5 2. c4 c6 3. Nc3 Nf6 4.
cxd5 cxd5 5. Nf3 Nc6 6. Bf4 a6 7. e3 Bg4 8. Bd3 e6 9. Qb3 Bxf3 10. gxf3 Na5 11. Qa4+ Nc6 12. Qb3 Ra7 13. Rc1 Bd6 14. Bxd6 Qxd6 15. f4 O-O 16. Qb6 Nd7 17. Qb3 g6 18. O-O b5 19. Qd1 Rc8 20. Qe2 Nb6 21.
Bxb5 axb5 22. Nxb5 Qb8 23. Nxa7 Nxa7 24. Qa6 Nc4 25. b3 Rc6 26. Qa4 Nb6 27. Qa6 Nc4 28. Qa4 Nb6 29. Qa6 Nc4 30. Qa4 Nb6 1/2-1/2

[Event "*** Qualifier 3: Titled Tuesday 3|2 Blitz"]
[Site "Chess.com"]
[Date "2017.04.18"]
[Round "2"]
[White "Lupul_Cenusiu"]
[Black "Sebastian"]
[Result "0-1"]
[WhiteElo "2449"]
[BlackElo "2649"]
[TimeControl "180+2"]
[EndTime "13:23:18 PDT"]
[Termination "Sebastian won by resignation"]

1. d4 d5 2. Nf3 Nf6 3. c4 dxc4 4.
e3 e6 5. Bxc4 a6 6. O-O c5 7.
Re1 Nc6 8. dxc5 Qxd1 9. Rxd1 Bxc5 10. a3 b5 11. Be2 Bb7 12. b4 Be7 13. Bb2 O-O 14. Nc3 Rac8 15. Rac1 h6 16. h3 Rfd8 17. Kf1 Kf8 18. Rxd8+ Rxd8 19. Ke1 Nd7 20. Nd2 Nb6 21. Nb3 Ba8 22. Ba1 g6 23. Nc5 Bxc5 24. bxc5 Nd7 25.
Na2 Nde5 26. Bxe5 Nxe5 27. f3 Ke7 28. Rc3 Rc8 29. Nb4 Bb7 30. Nc2 Nd7 31. a4 bxa4 32. Nb4 Rxc5 33. Ra3 Nb6 34. Nxa6 Bxa6 35. Bxa6 f5 36. Bd3 Kd6 37. Ra2 Rc3 38. Kd2 Rb3 39. Kc2 Kc5 40. g4 Kb4 41. gxf5 gxf5 42. e4 fxe4 43.
Bxe4 Nc4 44. Bd3 Rc3+ 0-1

[Event "*** Qualifier 3: Titled Tuesday 3|2 Blitz"]
[Site "Chess.com"]
[Date "2017.04.18"]
[Round "2"]
[White "LuckyTiger"]
[Black "Cryptochess"]
[Result "0-1"]
[WhiteElo "2593"]
[BlackElo "2458"]
[TimeControl "180+2"]
[EndTime "13:23:22 PDT"]
[Termination "Cryptochess won by resignation"]

1. e4 d6 2. d4 Nf6 3. Nc3 g6 4. Nf3 Bg7 5. h3 O-O 6. Be3 a6 7. a4 b6 8. Bd3 Bb7 9. Qd2 Nc6 10. Ne2 e6 11. c3 Ne7 12. Ng3 c5 13. Bh6 cxd4 14. cxd4 d5 15. Bxg7 Kxg7 16. e5 Ne4 17.
Qf4 f5 18. h4 h6 19. Ne2 b5 20.
a5 Nc6 21. Qe3 Nxa5 22. Nf4 Re8 23. Nh2 Nc4 24. Bxc4 dxc4 25. Nf1 Qe7 26. O-O-O c3 27. f3 Qb4 28. Qe2 cxb2+ 29. Qxb2 Rac8+ 0-1

[Event "*** Qualifier 3: Titled Tuesday 3|2 Blitz"]
[Site "Chess.com"]
[Date "2017.04.18"]
[Round "2"]
[White "Abrito99"]
[Black "juniortay"]
[Result "1-0"]
[WhiteElo "2332"]
[BlackElo "2333"]
[TimeControl "180+2"]
[EndTime "13:23:22 PDT"]
[Termination "Abrito99 won by resignation"]

1. e4 e5 2. Nf3 Nf6 3. Nxe5 Nc6 4.
Nxc6 dxc6 5. d3 Bc5 6. h3 O-O 7. Nc3 Be6 8. Be2 Bd4 9. Be3 c5 10. Qd2 Nd7 11. O-O f5 12. exf5 Bxf5 13. Rae1 Qh4 14.
Bg5 Qg3 15. Bf4 Qg6 16. Nd5 Rae8 17. c3 Bxh3 18. Bf3 Bf6 19. Bg3 Bf5 20. Nf4 Qh6 21.
Bd5+ Kh8 22. Bxb7 Ne5 23. d4 cxd4 24. cxd4 Ng4 25. Rxe8 Rxe8 26. Re1 Rd8 27. Bf3 c5 28. Qe2 g6 29. Bxg4 Bxd4 30. Qe7 Rf8 31. Bxf5 gxf5 32. Ne6 Rg8 33. Nxd4 1-0

[Event "*** Qualifier 3: Titled Tuesday 3|2 Blitz"]
[Site "Chess.com"]
[Date "2017.04.18"]
[Round "2"]
[White "Wolverine_master"]
[Black "Rogue_King"]
[Result "0-1"]
[WhiteElo "1975"]
[BlackElo "2128"]
[TimeControl "180+2"]
[EndTime "13:23:22 PDT"]
[Termination "Rogue_King won by resignation"]

1. e4 c6 2. d4 d5 3. exd5 cxd5 4.
c4 Nf6 5. Nc3 Nc6 6. Bg5 dxc4 7.
d5 Ne5 8. Nf3 Nxf3+ 9. Qxf3 h6 10. Bxf6 exf6 11. Bxc4 Bb4 12. Bb5+ Bd7 13. Bxd7+ Qxd7 14.
Qe4+ Qe7 15. O-O Bxc3 16. Qxe7+ Kxe7 17. bxc3 Rac8 18. Rab1 b6 19. Rb3 Kd6 20. Rd1 Rc5 21. Ra3 a5 22. Rb3 Rb8 23. f3 Rxd5 24. Rxd5+ Kxd5 25. Kf2 b5 26. Ke3 Kc4 27. Kd2 Rd8+ 28. Kc2 Re8 29. Kd2 Rd8+ 30. Kc2 Rd3 31. a3 f5 32. f4 f6 33. g3 Rf3 34. a4 Rf2+ 0-1

[Event "*** Qualifier 3: Titled Tuesday 3|2 Blitz"]
[Site "Chess.com"]
[Date "2017.04.18"]
[Round "2"]
[White "stefanodinn"]
[Black "kikydu96"]
[Result "0-1"]
[WhiteElo "2180"]
[BlackElo "2347"]
[TimeControl "180+2"]
[EndTime "13:23:23 PDT"]
[Termination "kikydu96 won by resignation"]

1. e4 c5 2. Nc3 g6 3. Nge2 Nc6 4. d4 cxd4 5. Nxd4 Bg7 6. Be3 Nf6 7. Bc4 O-O 8. O-O Nxe4 9. Nxe4 d5 10. Nxc6 bxc6 11. Bd3 dxe4 12. Bxe4 Qc7 13. c3 Rb8 14.
Qc2 Be6 15. Rfd1 Rfd8 16. Bc5 Rxd1+ 17. Rxd1 Bxa2 18. Ra1 Bb3 19. Qe2 a5 20. Bf3 e6 21. Qe3 a4 22. g3 h5 23. h4 Bd5 24.
Rxa4 Rxb2 25. Ra7 Qe5 26. Qxe5 Bxe5 27. Bxd5 cxd5 28. Bb4 d4 0-1

[Event "*** Qualifier 3: Titled Tuesday 3|2 Blitz"]
[Site "Chess.com"]
[Date "2017.04.18"]
[Round "2"]
[White "Makalexa"]
[Black "Enzy63"]
[Result "0-1"]
[WhiteElo "2155"]
[BlackElo "2049"]
[TimeControl "180+2"]
[EndTime "13:23:23 PDT"]
[Termination "Enzy63 won by checkmate"]

1. e4 e5 2. Nf3 Nc6 3. Bb5 a6 4.
Ba4 Nf6 5. O-O Be7 6. Re1 b5 7. Bb3 d6 8. a4 Bd7 9. d4 Nxd4 10. Nxd4 exd4 11. axb5 axb5 12. Rxa8 Qxa8 13. e5 dxe5 14.
Rxe5 Qd8 15. Qe1 c5 16. c4 Be6 17. Rxe6 fxe6 18. cxb5 O-O 19. Qxe6+ Kh8 20. Na3 Bd6 21. Bd2 Re8 22. Qf7 Ne4 23. Ba5 Ng5 24. Qh5 g6 25. h4 gxh5 26. Bxd8 Re1# 0-1

[Event "*** Qualifier 3: Titled Tuesday 3|2 Blitz"]
[Site "Chess.com"]
[Date "2017.04.18"]
[Round "2"]
[White "andreimacovei2000"]
[Black "woodhy"]
[Result "1-0"]
[WhiteElo "2409"]
[BlackElo "2312"]
[TimeControl "180+2"]
[EndTime "13:23:25 PDT"]
[Termination "andreimacovei2000 won by resignation"]

1. e4 e6 2. d4 d5 3. Nc3 Bb4 4.
e5 c5 5. Bd2 Ne7 6. a3 Bxc3 7.
Bxc3 Nbc6 8. Nf3 cxd4 9. Nxd4 Nxe5 10. Nxe6 Bxe6 11. Bxe5 O-O 12. Bd3 Nc6 13. Bg3 Qf6 14. O-O Qxb2 15. Rb1 Qxa3 16. Rxb7 Ne7 17. Qf3 Ng6 18.
h4 Qa4 19. h5 Bg4 20. Qxd5 Nf4 21. Bxf4 Qxf4 22. Re1 Be6 23. Qa5 Qg4 24. Rb4 Bc4 25.
Rxc4 Qd7 26. h6 gxh6 27. Qh5 Qd6 28. Rg4+ Kh8 29. Qf5 1-0